 Dungeon Crawl Stone Soup version 0.30-a0-930-gb9d0489357 (webtiles) character file.

Game seed: 11980809446998068287

184 sanka the Poker (level 5, 0/42 HPs)
             Began as a Demonspawn Monk on Mar 23, 2023.
             Slain by a kobold
             ... wielding a +0 dagger
              (2 damage)
             ... in a sewer.
             The game lasted 00:06:37 (3016 turns).

sanka the Poker (Demonspawn Monk)                   Turns: 3016, Time: 00:06:37

Health: 0/42       AC:  4    Str: 14    XL:     5   Next: 36%
Magic:  5/5        EV: 13    Int: 11    God:
Gold:   52         SH:  0    Dex: 15    Spells: 4/4 levels left

rFire   . . .      SeeInvis .    n - +0 trident
rCold   . . .      Faith    .    (no shield)
rNeg    . . .      Spirit   .    b - +0 robe
rPois   .          Reflect  .    (no helmet)
rElec   .          Rampage  .    o - +1 cloak {Stlth+}
rCorr   .                        (no gloves)
Will    .....                    (no boots)
Stlth   +++                      (no amulet)
HPRegen 0.27/turn                (no ring)
MPRegen 0.09/turn                (no ring)

@: no status effects
A: hooves 1
a: no special abilities


You were in a sewer.
You visited 1 branch of the dungeon, and saw 3 of its levels.
You also visited: Sewer.

You collected 239 gold pieces.
You spent 187 gold pieces at shops.


Innate Abilities, Weirdness & Mutations

You have large cloven feet.


   Skills:
 + Level 4.0 Fighting
 + Level 4.3 Polearms
 + Level 3.6 Dodging
 - Level 1.7 Stealth


You had 4 spell levels left.
You didn't know any spells.
Your spell library was empty.

Inventory:

Hand Weapons
 a - a +0 spear
 l - a +2 whip of venom
 n - a +0 trident (weapon)
Armour
 b - a +0 robe (worn)
 k - a +0 plate armour
 o - a +1 cloak of stealth (worn)
Jewellery
 f - an amulet of magic regeneration
Scrolls
 e - a scroll of noise {unknown}
 g - 3 scrolls of identify {unknown}
 i - 2 scrolls of teleportation {unknown}
 j - a scroll of enchant armour {unknown}
Potions
 c - a potion of ambrosia
 d - a potion of degeneration {unknown}
 h - a potion of curing {unknown}
 m - a potion of brilliance {unknown}
 p - 2 potions of flight {unknown}
 q - a potion of invisibility

Dungeon Overview and Level Annotations

Branches:
Dungeon (3/15)              Sewer (1/1)

Altars:
Ashenzari

Shops:
D:1 ([* D:3

([
▒≈≈≈▒≈≈≈≈≈≈≈...▒≈≈≈≈≈≈
▒≈≈≈▒≈≈≈≈≈≈▒...▒~≈≈≈≈≈
▒≈≈≈≈≈≈▒)..~≈≈≈≈≈≈
▒≈≈≈≈≈≈▒.).▒≈≈≈≈≈≈
▒≈≈≈≈≈≈≈...▒≈~≈≈≈≈
▒≈≈≈≈≈)▒.).▒≈≈~≈≈≈
▒≈≈~≈....≈.)..≈≈≈≈
▒≈~≈...▒≈≈≈▒..~~~≈
▒{6....▒≈≈~▒......
▒)▒▒▒▒▒▒▒≈▒▒ ▒▒▒▒'
▒...K..▒.K.
▒≈~.~~)~~~{.....
▒≈≈≈▒≈~~≈≈≈▒...▒≈
▒▒▒▒▒▒▒▒▒▒▒▒ ▒▒▒▒


There were no monsters in sight!


Message History

You closely miss the kobold brigand. Your kick misses the kobold brigand.
The kobold brigand is heavily wounded.
The kobold brigand closely misses you. Something hits you but does no damage.
Unknown command.
You hit the kobold brigand.
The kobold brigand is severely wounded.
The kobold brigand closely misses you. Something hits you but does no damage.
The kobold brigand hits you with a +0 club.
* * * LOW HITPOINT WARNING * * *
Unknown command.
You barely miss the kobold brigand. You kick the kobold brigand.
The kobold brigand is severely wounded.
Something hits you.
* * * LOW HITPOINT WARNING * * *
The kobold brigand misses you.
You barely miss the kobold brigand.
The kobold brigand is severely wounded.
Something hits you.
* * * LOW HITPOINT WARNING * * *
The kobold brigand hits you with a +0 club!
* * * LOW HITPOINT WARNING * * *
Something hits you but does no damage.
You puncture the kobold brigand!
You kill the kobold brigand!
Something hits you.
You die...

Action                     |  1- 3 |  4- 6 || total
---------------------------+-------+-------++-------
  Melee: Spear             |   161 |    37 ||   198
         Kick              |    29 |    36 ||    65
         Punch             |     2 |     1 ||     3
         Trident           |       |   144 ||   144
   Stab: Sleeping          |    10 |       ||    10
 Armour: Robe              |    19 |    43 ||    62
  Dodge: Dodged            |    63 |   121 ||   184

Levels and vault maps discovered:
D:1:      dpeg_arrival_arbitrary_a, layout_rooms, serial_shops, shop, shop,
          shop_coins, ebering_ecumenical_altar_hall, dk_noncrumbling_4
D:2:      layout_loops_corners, basic_altar
D:3:      layout_rooms, vehumet_statue, marbit_many_paths, serial_shops,
          nicolae_shop_statue_plus, nicolae_shop_trees, shop,
          gup_sewer_entry_bubbles, minmay_misc_feat_roman, minmay_hedge_maze
Sewer:    kennysheep_sewer_church

Notes
Turn   | Place    | Note
-------+----------+-------------------------------------------
     0 | D:1      | sanka the Demonspawn Monk began the quest for the Orb.
     0 | D:1      | Reached XP level 1. HP: 18/18 MP: 1/1
   101 | D:1      | Found Vifilew's Assorted Antiques.
   128 | D:1      | Reached skill level 3 in Polearms
   266 | D:1      | Found Feboirue's Armour Emporium.
   295 | D:1      | You feel monstrous as your demonic heritage exerts itself.
   295 | D:1      | Discovered your monstrous ancestry.
   295 | D:1      | Gained mutation: You have large cloven feet. [demonic
                  | ancestry]
   295 | D:1      | Reached XP level 2. HP: 18/24 MP: 2/2
   426 | D:1      | Found Gup Xypt's Antique Weapon Boutique.
   571 | D:1      | Found a faded altar of an unknown god.
  1051 | D:2      | Reached XP level 3. HP: 29/29 MP: 3/3
  1078 | D:2      | Found a broken altar of Ashenzari.
  1655 | D:2      | Reached skill level 3 in Dodging
  1988 | D:3      | Reached XP level 4. HP: 10/35 MP: 4/4
  2072 | D:3      | Reached skill level 4 in Polearms
  2098 | D:3      | HP: 3/35 [poisoned by an adder]
  2240 | D:3      | Found Xumyw's Antique Weapon Boutique.
  2265 | D:3      | Found Huorairph's Antique Armour Shoppe.
  2279 | D:3      | Bought a runed cloak for 187 gold pieces
  2384 | D:3      | Found a glowing drain.
  2492 | Sewer    | Entered a sewer
  2510 | Sewer    | Reached XP level 5. HP: 40/42 MP: 5/5
  3000 | Sewer    | Reached skill level 4 in Fighting
  3015 | Sewer    | HP: 2/42 [kobold brigand/+0 club (9)]
  3016 | Sewer    | Slain by a kobold

Vanquished Creatures
  A kobold brigand (Sewer)
  5 adders
  A river rat (D:3)
  2 shadow imps (Sewer)
  4 ufetubi (Sewer)
  3 worms
  2 dart slugs
  An orc (D:3)
  4 ball pythons
  5 bats
  4 endoplasms
  A giant cockroach (D:3)
  6 goblins
  4 hobgoblins
  2 jackals (D:2)
  22 kobolds
  6 quokkas
  8 frilled lizards
  A rat (D:3)
82 creatures vanquished.

Vanquished Creatures (others)
  An endoplasm (Sewer)
  A kobold zombie (Sewer)
2 creatures vanquished.

Grand Total: 84 creatures vanquished
